| TOP OF THE 1ST |
|
Wisconsin Rapids Timber Rattlers batting - Pitching for Appleton Foxes : RHP Rick Aguilera
|
|
Pitching: RHP Rick Aguilera
|
|
|
Batting: RHB Tim Pyznarski
|
0-0: Ball 1-0: Ball 2-0: Called Strike 2-1: Called Strike 2-2: Strikes out looking
|
|
Batting: RHB Jim Presley
|
0-0: Fly out, F7 (Flyball, 7, EV 75.0 MPH)
|
|
Batting: LHB Dion James
|
0-0: Swinging Strike 0-1: DOUBLE (Groundball, 3L, EV 101.3 MPH)
|
|
Batting: LHB Greg Smith
|
0-0: Called Strike 0-1: Ball 1-1: Ground out 5-3 (Groundball, 56S, EV 71.3 MPH)
|
| Top of the 1st over - 0 runs, 1 hit, 0 errors, 1 left on base; Wisconsin Rapids 0 - Appleton 0 |
| BOTTOM OF THE 1ST |
|
Appleton Foxes batting - Pitching for Wisconsin Rapids Timber Rattlers : LHP Michael Maack
|
|
Pitching: LHP Michael Maack
|
|
|
Batting: LHB Mike Woodard
|
0-0: Ball 1-0: Ground out 4-3 (Groundball, 4, EV 85.6 MPH)
|
|
Batting: SHB Matt Gallegos
|
0-0: Called Strike 0-1: SINGLE (Groundball, 6MD, EV 95.0 MPH)
|
|
Batting: RHB Randy Asadoor
|
0-0: Fly out, F7 (Flyball, 7S, EV 86.9 MPH)
|
|
Batting: RHB George Hinshaw
|
0-0: Called Strike 0-1: Ball 1-1: Ball 2-1: Fielders Choice at 2nd, 5-4 (Groundball, 5, EV 103.8 MPH)
|
| Bottom of the 1st over - 0 runs, 1 hit, 0 errors, 1 left on base; Wisconsin Rapids 0 - Appleton 0 |
| TOP OF THE 2ND |
|
Wisconsin Rapids Timber Rattlers batting - Pitching for Appleton Foxes : RHP Rick Aguilera
|
|
Batting: RHB Barbaro Garbey
|
0-0: Ball 1-0: Swinging Strike 1-1: Fly out, F8 (Flyball, 8LS, EV 90.0 MPH)
|
|
Batting: LHB Matt Hall
|
0-0: Ball 1-0: Ball 2-0: Foul Ball, location: 2F 2-1: Fly out, F8 (Flyball, 78D, EV 103.8 MPH)
|
|
Batting: RHB Darryl Motley
|
0-0: Ball 1-0: SOLO HOME RUN (Flyball, 9LD, EV 96.9 MPH), Distance : 357 ft
|
|
Batting: RHB Al Pedrique
|
0-0: Ball 1-0: Called Strike 1-1: Ball 2-1: Foul Ball, location: 2F 2-2: Strikes out swinging
|
| Top of the 2nd over - 1 run, 1 hit, 0 errors, 0 left on base; Wisconsin Rapids 1 - Appleton 0 |
| BOTTOM OF THE 2ND |
|
Appleton Foxes batting - Pitching for Wisconsin Rapids Timber Rattlers : LHP Michael Maack
|
|
Batting: RHB Howard Lopes
|
0-0: Swinging Strike 0-1: Foul Ball, location: 2F 0-2: Ball 1-2: Fly out, F3 (Line Drive, 3, EV 67.5 MPH)
|
|
Batting: RHB Victor Mata
|
0-0: Swinging Strike 0-1: Swinging Strike 0-2: Ground out 5-3 (Groundball, 56, EV 87.5 MPH)
|
|
Batting: LHB John Csefalvay
|
0-0: Called Strike 0-1: Ball 1-1: Ball 2-1: Foul Ball, location: 2F 2-2: Foul Ball, location: 2F 2-2: Ball 3-2: Base on Balls
|
|
Batting: RHB Mike Nipper
|
0-0: Ball 1-0: Called Strike 1-1: Ball 2-1: Ball 3-1: Swinging Strike 3-2: Strikes out looking
|
| Bottom of the 2nd over - 0 runs, 0 hits, 0 errors, 1 left on base; Wisconsin Rapids 1 - Appleton 0 |
| TOP OF THE 3RD |
|
Wisconsin Rapids Timber Rattlers batting - Pitching for Appleton Foxes : RHP Rick Aguilera
|
|
Batting: RHB Phil Lombardi
|
0-0: Called Strike 0-1: Ball 1-1: Swinging Strike 1-2: Foul Ball, location: 2F 1-2: Ball 2-2: Strikes out swinging, 2-3 out at first.
|
|
Batting: RHB Tim Pyznarski
|
0-0: DOUBLE (Line Drive, 9LM, EV 98.8 MPH)
|
|
Batting: RHB Jim Presley
|
0-0: Ball 1-0: Called Strike 1-1: SINGLE (Groundball, 34D, EV 97.5 MPH) Tim Pyznarski to third Runner from 3rd tries for Home, SAFE, throw by RF to home
|
|
Batting: LHB Dion James
|
0-0: Called Strike Jim Presley steals 2nd base (no throw) 0-1: Ball 1-1: SINGLE (Groundball, 4MD, EV 103.8 MPH) (infield hit) Jim Presley to third
|
|
Batting: LHB Greg Smith
|
0-0: Ball Dion James steals 2nd base 1-0: Called Strike 1-1: Foul Ball, location: 2F 1-2: Foul Ball, location: 2F 1-2: Fly out, F8 (Flyball, 89XD, EV 89.4 MPH) Runner from 3rd tags up, SCORES, no throw by CF
|
|
Batting: RHB Barbaro Garbey
|
0-0: Ball 1-0: Called Strike 1-1: Foul Ball, location: 2F 1-2: Foul Ball, location: 2F 1-2: Fly out, F8 (Line Drive, 8LM, EV 98.1 MPH)
|
| Top of the 3rd over - 2 runs, 3 hits, 0 errors, 1 left on base; Wisconsin Rapids 3 - Appleton 0 |
| BOTTOM OF THE 3RD |
|
Appleton Foxes batting - Pitching for Wisconsin Rapids Timber Rattlers : LHP Michael Maack
|
|
Batting: RHB Philip Sutton
|
0-0: Ball 1-0: Swinging Strike 1-1: Swinging Strike 1-2: Ball 2-2: Ball 3-2: SINGLE (Line Drive, 6M, EV 103.1 MPH)
|
|
Batting: LHB Mike Woodard
|
0-0: Ball 1-0: Called Strike 1-1: Ball 2-1: Foul Ball, location: 2F 2-2: Fly out, F9 (Flyball, 9D, EV 80.6 MPH)
|
|
Batting: SHB Matt Gallegos
|
0-0: Called Strike 0-1: Ball 1-1: Ball 2-1: Called Strike Philip Sutton steals 2nd base 2-2: Ball 3-2: Foul Ball, location: 2F 3-2: Ground out 4-3 (Groundball, 4M, EV 86.3 MPH) Philip Sutton to third
|
|
Batting: RHB Randy Asadoor
|
0-0: Fly out, F5 (Popup, 5SF, EV 83.8 MPH)
|
| Bottom of the 3rd over - 0 runs, 1 hit, 0 errors, 1 left on base; Wisconsin Rapids 3 - Appleton 0 |
| TOP OF THE 4TH |
|
Wisconsin Rapids Timber Rattlers batting - Pitching for Appleton Foxes : RHP Rick Aguilera
|
|
Batting: LHB Matt Hall
|
0-0: Called Strike 0-1: Foul Ball, location: 2F 0-2: Strikes out swinging
|
|
Batting: RHB Darryl Motley
|
0-0: Fly out, F7 (Flyball, 7S, EV 83.1 MPH)
|
|
Batting: RHB Al Pedrique
|
0-0: Ball 1-0: Fly out, F5 (Line Drive, 5, EV 61.9 MPH)
|
| Top of the 4th over - 0 runs, 0 hits, 0 errors, 0 left on base; Wisconsin Rapids 3 - Appleton 0 |
| BOTTOM OF THE 4TH |
|
Appleton Foxes batting - Pitching for Wisconsin Rapids Timber Rattlers : LHP Michael Maack
|
|
Batting: RHB George Hinshaw
|
0-0: Fly out, F4 (Popup, 4M, EV 64.4 MPH)
|
|
Batting: RHB Howard Lopes
|
0-0: Swinging Strike 0-1: Called Strike 0-2: Strikes out swinging
|
|
Batting: RHB Victor Mata
|
0-0: Ball 1-0: Ball 2-0: Foul Ball, location: 2F 2-1: Foul Ball, location: 2F 2-2: Strikes out swinging
|
| Bottom of the 4th over - 0 runs, 0 hits, 0 errors, 0 left on base; Wisconsin Rapids 3 - Appleton 0 |
| TOP OF THE 5TH |
|
Wisconsin Rapids Timber Rattlers batting - Pitching for Appleton Foxes : RHP Rick Aguilera
|
|
Batting: RHB Phil Lombardi
|
0-0: Foul Ball, location: 2F 0-1: Ball 1-1: Ball 2-1: Ball 3-1: Fly out, F9 (Flyball, 9S, EV 75.6 MPH)
|
|
Batting: RHB Tim Pyznarski
|
0-0: Called Strike 0-1: Called Strike 0-2: Ball 1-2: SOLO HOME RUN (Flyball, 7LD, EV 108.1 MPH), Distance : 341 ft
|
|
Batting: RHB Jim Presley
|
0-0: Ball 1-0: Called Strike 1-1: DOUBLE (Flyball, 78D, EV 96.3 MPH)
|
|
Batting: LHB Dion James
|
0-0: Called Strike 0-1: Ball 1-1: Ball 2-1: Ball 3-1: SINGLE (Groundball, 6MS, EV 74.4 MPH) (infield hit) Jim Presley to third
|
|
Batting: LHB Greg Smith
|
0-0: Ball 1-0: Called Strike Dion James steals 2nd base 1-1: Ground out U3 (Groundball, 34S, EV 90.6 MPH) Jim Presley scores Dion James to third
|
|
Pitching: RHP John McGuckin
|
|
|
Batting: RHB Barbaro Garbey
|
0-0: Called Strike 0-1: Ground out 6-3 (Groundball, 56, EV 83.8 MPH)
|
| Top of the 5th over - 2 runs, 3 hits, 0 errors, 1 left on base; Wisconsin Rapids 5 - Appleton 0 |
| BOTTOM OF THE 5TH |
|
Appleton Foxes batting - Pitching for Wisconsin Rapids Timber Rattlers : LHP Michael Maack
|
|
Batting: LHB John Csefalvay
|
0-0: Ball 1-0: Swinging Strike 1-1: Ball 2-1: SINGLE (Line Drive, 78M, EV 90.6 MPH)
|
|
Batting: RHB Mike Nipper
|
0-0: Called Strike 0-1: Foul Ball, location: 2F 0-2: Ball 1-2: Ball 2-2: Strikes out looking
|
|
Batting: RHB Philip Sutton
|
0-0: Ball 1-0: Ball 2-0: Ball 3-0: Called Strike 3-1: Fielders Choice at 2nd, 4-6 (Groundball, 4, EV 86.9 MPH)
|
|
Batting: LHB Mike Woodard
|
0-0: Ball 1-0: Fly out, F9 (Flyball, 9, EV 93.8 MPH)
|
| Bottom of the 5th over - 0 runs, 1 hit, 0 errors, 1 left on base; Wisconsin Rapids 5 - Appleton 0 |
| TOP OF THE 6TH |
|
Wisconsin Rapids Timber Rattlers batting - Pitching for Appleton Foxes : RHP John McGuckin
|
|
Batting: LHB Matt Hall
|
0-0: Foul Ball, location: 2F 0-1: Ball 1-1: SINGLE (Groundball, 56D, EV 100.6 MPH)
|
|
Batting: RHB Darryl Motley
|
0-0: Called Strike 0-1: Foul Ball, location: 2F 0-2: Ball 1-2: Ball 2-2: Ball 3-2: Base on Balls Matt Hall to second
|
|
Batting: RHB Al Pedrique
|
0-0: Bunt missed! 0-1: Bunt - Flyout to 13! F1
|
|
Batting: RHB Phil Lombardi
|
0-0: Ball 1-0: Ball 2-0: Called Strike 2-1: Ball 3-1: Base on Balls Matt Hall to third Darryl Motley to second
|
|
Batting: RHB Tim Pyznarski
|
0-0: Fly out, F4 (Popup, 4D, EV 48.8 MPH)
|
|
Batting: RHB Jim Presley
|
0-0: Ball 1-0: Foul Ball, location: 2F 1-1: Ball 2-1: Ball 3-1: Ground out 4-3 (Groundball, 4, EV 85.6 MPH)
|
| Top of the 6th over - 0 runs, 1 hit, 0 errors, 3 left on base; Wisconsin Rapids 5 - Appleton 0 |
| BOTTOM OF THE 6TH |
|
Appleton Foxes batting - Pitching for Wisconsin Rapids Timber Rattlers : LHP Michael Maack
|
|
Batting: SHB Matt Gallegos
|
0-0: Ball 1-0: Called Strike 1-1: Called Strike 1-2: Ball 2-2: Foul Ball, location: 2F 2-2: Strikes out swinging, 2-3 out at first.
|
|
Batting: RHB Randy Asadoor
|
0-0: Ball 1-0: Ball 2-0: Called Strike 2-1: Foul Ball, location: 2F 2-2: Foul Ball, location: 2F 2-2: Fly out, F5 (Popup, 56S, EV 70.6 MPH)
|
|
Batting: RHB George Hinshaw
|
0-0: Ball 1-0: Ball 2-0: Called Strike 2-1: Ball 3-1: Swinging Strike 3-2: Strikes out swinging
|
| Bottom of the 6th over - 0 runs, 0 hits, 0 errors, 0 left on base; Wisconsin Rapids 5 - Appleton 0 |
| TOP OF THE 7TH |
|
Wisconsin Rapids Timber Rattlers batting - Pitching for Appleton Foxes : RHP John McGuckin
|
|
Batting: LHB Dion James
|
0-0: Called Strike 0-1: Ground out 4-3 (Groundball, 4, EV 88.1 MPH)
|
|
Batting: LHB Greg Smith
|
0-0: Ground out 6-3 (Groundball, 6, EV 88.8 MPH)
|
|
Batting: RHB Barbaro Garbey
|
0-0: Fly out, F3 (Popup, 3S, EV 75.0 MPH)
|
| Top of the 7th over - 0 runs, 0 hits, 0 errors, 0 left on base; Wisconsin Rapids 5 - Appleton 0 |
| BOTTOM OF THE 7TH |
|
Appleton Foxes batting - Pitching for Wisconsin Rapids Timber Rattlers : LHP Michael Maack
|
|
Batting: RHB Howard Lopes
|
0-0: Fly out, F9 (Flyball, 9, EV 83.8 MPH)
|
|
Batting: RHB Victor Mata
|
0-0: Fly out, F9 (Line Drive, 9S, EV 87.5 MPH)
|
|
Batting: LHB John Csefalvay
|
0-0: DOUBLE (Line Drive, 9LM, EV 94.4 MPH)
|
|
Batting: RHB Mike Nipper
|
0-0: Ball 1-0: 2-RUN HOME RUN (Flyball, 7LD, EV 103.8 MPH), Distance : 357 ft
|
|
Batting: RHB Philip Sutton
|
0-0: Ball 1-0: Called Strike 1-1: Fly out, F7 (Flyball, 7, EV 75.6 MPH)
|
| Bottom of the 7th over - 2 runs, 2 hits, 0 errors, 0 left on base; Wisconsin Rapids 5 - Appleton 2 |
| TOP OF THE 8TH |
|
Wisconsin Rapids Timber Rattlers batting - Pitching for Appleton Foxes : RHP John McGuckin
|
|
Batting: LHB Matt Hall
|
0-0: Called Strike 0-1: Foul Ball, location: 2F 0-2: Ball 1-2: Foul Ball, location: 2F 1-2: Ground out 6-3 (Groundball, 56, EV 80.0 MPH)
|
|
Batting: RHB Darryl Motley
|
0-0: SINGLE (Line Drive, 8LS, EV 101.9 MPH)
|
|
Batting: RHB Al Pedrique
|
0-0: Ball 1-0: Swinging Strike 1-1: Fly out, F9 (Flyball, 9S, EV 93.1 MPH)
|
|
Batting: RHB Phil Lombardi
|
0-0: Called Strike 0-1: Swinging Strike 0-2: Fly out, F7 (Flyball, 7D, EV 102.5 MPH)
|
| Top of the 8th over - 0 runs, 1 hit, 0 errors, 1 left on base; Wisconsin Rapids 5 - Appleton 2 |
| BOTTOM OF THE 8TH |
|
Appleton Foxes batting - Pitching for Wisconsin Rapids Timber Rattlers : LHP Michael Maack
|
|
Batting: LHB Mike Woodard
|
0-0: Ball 1-0: Ball 2-0: SINGLE (Line Drive, 9S, EV 92.5 MPH)
|
|
Pitching: RHP Mark Williamson
|
|
|
Batting: SHB Matt Gallegos
|
0-0: Fly out, F8 (Line Drive, 8RD, EV 106.3 MPH)
|
|
Batting: RHB Randy Asadoor
|
0-0: Ball 1-0: Called Strike 1-1: Ball 2-1: Ball 3-1: Called Strike 3-2: Foul Ball, location: 2F 3-2: Fly out, F4 (Popup, 34D, EV 41.3 MPH)
|
|
Batting: RHB George Hinshaw
|
0-0: Called Strike 0-1: Ball 1-1: Called Strike 1-2: Ball 2-2: Fly out, F9 (Flyball, 89M, EV 91.3 MPH)
|
| Bottom of the 8th over - 0 runs, 1 hit, 0 errors, 1 left on base; Wisconsin Rapids 5 - Appleton 2 |
| TOP OF THE 9TH |
|
Wisconsin Rapids Timber Rattlers batting - Pitching for Appleton Foxes : RHP John McGuckin
|
|
Pitching: RHP Jaime Cocanower
|
|
|
Batting: RHB Tim Pyznarski
|
0-0: Called Strike 0-1: Ground out U3 (Groundball, 3, EV 89.4 MPH)
|
|
Batting: RHB Jim Presley
|
0-0: Ball 1-0: Fly out, F8 (Flyball, 78XD, EV 89.4 MPH)
|
|
Batting: LHB Dion James
|
0-0: Fly out, F9 (Flyball, 9LM, EV 74.4 MPH)
|
| Top of the 9th over - 0 runs, 0 hits, 0 errors, 0 left on base; Wisconsin Rapids 5 - Appleton 2 |
| BOTTOM OF THE 9TH |
|
Appleton Foxes batting - Pitching for Wisconsin Rapids Timber Rattlers : RHP Mark Williamson
|
|
Batting: RHB Howard Lopes
|
0-0: Ball 1-0: Called Strike 1-1: Ball 2-1: Foul Ball, location: 2LF, Error on foul ball, E2 2-2: SINGLE (Groundball, 6S, EV 62.5 MPH) (infield hit)
|
|
Batting: RHB Victor Mata
|
0-0: Ball 1-0: Swinging Strike 1-1: Grounds into double play, 6-4-3 (Groundball, 6, EV 92.5 MPH)
|
|
Batting: LHB John Csefalvay
|
0-0: Ground out 4-3 (Groundball, 4S, EV 83.1 MPH)
|
| Bottom of the 9th over - 0 runs, 1 hit, 1 error, 0 left on base; Wisconsin Rapids 5 - Appleton 2 |
|